 Dungeon Crawl Stone Soup version 0.21.0-3-g78d12a8 (webtiles) character file.

34 uhRainy the Skirmisher (level 3, 33/33 HPs)
             Began as a Minotaur Chaos Knight on Jan 12, 2018.
             Quit the game on level 2 of the Dungeon.
             The game lasted 00:04:55 (1092 turns).

uhRainy the Skirmisher (Minotaur Chaos Knight)      Turns: 1092, Time: 00:04:55

Health: 33/33      AC:  5    Str: 17    XL:     3   Next: 14%
Magic:  2/2        EV: 12    Int:  9    God:    Xom [..*...]
Gold:   91         SH:  0    Dex:  9    Spells: 2/2 levels left

rFire    . . .     SeeInvis .   a - +0 spear (chaos)
rCold    . . .     Gourm    .   (no shield)
rNeg     . . .     Faith    .   b - +2 leather armour
rPois    .         Spirit   .   (helmet restricted)
rElec    .         Reflect  .   (no cloak)
rCorr    .         Harm     .   (no gloves)
MR       .....                  (no boots)
Stlth    +.........             (no amulet)
HPRegen  0.11/turn              (no ring)
MPRegen  0.08/turn              (no ring)

@: no status effects
A: retaliatory headbutt, horns 2
a: Renounce Religion


You were on level 2 of the Dungeon.
You worshipped Xom.
You were a toy of Xom.
You were hungry.

You visited 1 branch of the dungeon, and saw 2 of its levels.

You collected 91 gold pieces.

Inventory:

Hand Weapons
 a - a +0 spear of chaos (weapon)
Armour
 b - a +2 leather armour (worn)
Scrolls
 c - a scroll of remove curse {unknown}
 d - a scroll of amnesia {unknown}
 f - a scroll of fear {unknown}
Potions
 e - a potion of might {unknown}
 h - a potion of magic {unknown}
Comestibles
 g - a ration


   Skills:
 + Level 4.1 Fighting
 + Level 4.0 Polearms
 + Level 3.0 Armour
 + Level 2.0 Dodging


You had 2 spell levels left.
You didn't know any spells.

Dungeon Overview and Level Annotations

Branches:
Dungeon (2/15)

Altars:


Innate Abilities, Weirdness & Mutations

You reflexively headbutt those who attack you in melee.
You have a pair of horns on your head.


Message History

You kill the rat!
No target in view!
You open the door.
There is an open door here.
There is an open door here.
You see here a glowing leather armour.
You see here a glowing leather armour.
There is an open door here.
There is an open door here.
Done exploring.
Search for what [? for help]? glowing
There is a stone staircase leading down here.
You climb downwards.
There is a stone staircase leading up here.
Found a chain mail.
You see here a chain mail.
A rat comes into view.
Found 12 gold pieces.
Found a stone staircase leading down.
A rat is nearby!
Attack whom?
Aim: a rat You reach to attack!
You closely miss the rat.
Attack whom?
Aim: a rat You reach to attack!
You completely miss the rat. You hit the rat but do no damage.
The rat bites you but does no damage.
You hit the rat.
You kill the rat!
You now have 56 gold pieces (gained 12).
You now have 69 gold pieces (gained 13).
Found a long sword.
Found a stone staircase leading up.
f - a scroll labeled REKHUI YRGHITUIKHLEI
Found a dagger.
Found 15 poisoned needles.
A bat and a goblin come into view.
The goblin shouts!
The bat closely misses you. The bat misses you.
You closely miss the bat. The bat hits you but does no damage.
You hit the bat.
The bat is moving more slowly.
The bat closely misses you. The bat hits you.
You take 1 damage, and have 26/27 hp.
You catch the helpless bat completely off-guard!
You hit the bat.
You kill the bat!
Your Polearms skill increases to level 4!
Attack whom?
Aim: a goblin, wielding a dagger You reach to attack!
You barely miss the goblin. You hit the goblin. You burn the goblin.
Your headbutt misses the goblin. The goblin hits you but does no damage.
You hit the goblin but do no damage. You drain the goblin!
You kill the goblin!
No target in view!
Things that are here:
a dagger; a goblin corpse An adder comes into view.
The adder hisses angrily.
Health restored: 27 Spoiler Alert: The adder is fast and can poison!
You hit the adder. You freeze the adder. The adder barely misses you.
You hit the adder.
The adder seems to slow down.
You freeze the adder. Your headbutt misses the adder.
The adder barely misses you.
You puncture the adder!
You kill the adder!
Your Armour skill increases to level 3!
Your Dodging skill increases to level 2!
You have reached level 3!
Your experience leads to an increase in your attributes!
Increase (S)trength, (I)ntelligence, or (D)exterity?
You feel stronger.
Health restored: 33; MP restored: 2 No target in view!
Wield which item (- for none, * to show all)? (? for menu, Esc to quit)
Wield which item (- for none, * to show all)? (? for menu, Esc to quit)
You don't have any such object.
Wield which item (- for none, * to show all)? (? for menu, Esc to quit)
Wield which item (- for none, * to show all)? (? for menu, Esc to quit)
Okay, then.
Unknown command.
Found an escape hatch in the floor.
Found 18 stones.
Found a club.
Found an escape hatch in the ceiling.
g - a ration You now have 78 gold pieces (gained 9).
h - a metallic sapphire potion You now have 91 gold pieces (gained 13).
Xom's power touches on you for a moment.
Your feet feel numb with cold.
There is an escape hatch in the floor here.
You are feeling hungry.
You may need something to eat soon, looking for food.
Search for what [Enter for "glowing", or ? for help]? @corpse && !!rott && !!skel && !!sky && !!necrop && !!ugly && !!vampire && !!'corpse rot' && !! && !!botono Can't find anything matching that.
Okay, then.
Search for what [Enter for "@corpse && !!rott && !!skel && !!sky && !!necrop && !!ugly && !!vampire && !!'corpse rot' && !! && !!botono", or ? for help]? @corpse Search for what [Enter for "@corpse", or ? for help]? @corpse && !!rott && !!skel && !!sky && !!necrop && !!ugly && !!vampire && !!'corpse rot' && !! && !!botono Can't find anything matching that.
Search for what [Enter for "@corpse && !!rott && !!skel && !!sky && !!necrop && !!ugly && !!vampire && !!'corpse rot' && !! && !!botono", or ? for help]? @corpse Search for what [Enter for "@corpse", or ? for help]? @corpse && !!rott && !!skel && !!sky && !!necrop && !!ugly && !!vampire && !!'corpse rot' && !!botono

.......##.......# ####.#######
#####.#####...### #....# #
#####.# #...# #.##.# ...##.#
#...# ###(##.## .#.##.# #...#
#.......# ####
....#.#####...######.#.##..# #...
)###...............#.#.....###...
......................>..........
#####...........@..#.###.#.###...
## ##.#####...######.......# #...
.###.## #...# #####.### ####
#...## #...# #.######## #####
#...# #.#......# #...# #.#.####.#
#.#.####.# #......#.# ###.##.#.#


There were no monsters in sight!

Vanquished Creatures
  An adder (D:2)
  A dart slug (D:1)
  2 leopard geckos (D:1)
  2 ball pythons (D:1)
  A giant cockroach (D:1)
  4 goblins
  A hobgoblin (D:1)
  2 bats
  A frilled lizard (D:1)
  A kobold (D:1)
  5 rats
21 creatures vanquished.

Notes
Turn   | Place    | Note
-------+----------+-------------------------------------------
     0 | D:1      | uhRainy the Minotaur Chaos Knight began the quest for the Orb.
     0 | D:1      | Reached XP level 1. HP: 19/19 MP: 0/0
   217 | D:1      | Reached XP level 2. HP: 26/27 MP: 1/1
   520 | D:1      | XOM: harmless Hex miscast
   634 | D:1      | Reached skill level 4 in Fighting
   647 | D:1      | XOM: harmless Tloc miscast
   937 | D:2      | Reached skill level 4 in Polearms
   955 | D:2      | Reached skill level 3 in Armour
   955 | D:2      | Reached skill level 2 in Dodging
   955 | D:2      | Reached XP level 3. HP: 33/33 MP: 2/2
  1051 | D:2      | XOM: harmless Ice miscast
  1092 | D:2      | Quit the game

Skill      XL: |  1  2 |
---------------+-------+-----
Fighting       | 4 |  4.1
Polearms       | 4 |  4.0
Armour         | 3 |  3.0
Dodging        | 2 |  2.0

Action                   || total
-------------------------++-------
Melee: Spear             ||    45
       Headbutt          ||     2
 Stab: Petrifying        ||     1
Armor: Leather armour    ||     8
Dodge: Dodged            ||    18

Vault maps used:
D:1:      dpeg_arrival_three_same_balls
D:2:      kennysheep_generic_room_6

Table legend:
 A = Turns spent in this place as a percentage of turns spent in the entire game.
 B = Non-inter-level travel turns spent in this place as a percentage of non-inter-level travel turns spent in the entire game.
 C = Inter-level travel turns spent in this place as a percentage of turns spent in this place.
 D = Turns resting spent in this place as a percentage of non-inter-level travel turns spent in this place.
 E = Turns spent auto-exploring this place as a percentage of non-inter-level travel turns spent in this place.
 F = Non-inter-level travel turns spent in this place divided by the number of levels of this place that you've seen.
                   A       B       C       D       E      F
               +-------+-------+-------+-------+-------+----------------------
         Total | 100.0 | 100.0 |   2.7 |   7.3 |  82.5 | 531.0
       Dungeon | 100.0 | 100.0 |   2.7 |   7.3 |  82.5 | 531.0
               +-------+-------+-------+-------+-------+----------------------

Table legend:
 A = Kills in this place as a percentage of kills in entire the game.
 B = Kills by you in this place as a percentage of kills by you in the entire game.
 C = Kills by friends in this place as a percentage of kills by friends in the entire game.
 D = Other kills in this place as a percentage of other kills in the entire game.
 E = Experience gained in this place as a percentage of experience gained in the entire game.
 F = Experience gained in this place divided by the number of levels of this place that you have seen.
                   A       B       C       D       E      F
               +-------+-------+-------+-------+-------+----------------------
         Total | 100.0 | 100.0 |   N/A |   N/A | 100.0 |  24.5
       Dungeon | 100.0 | 100.0 |   N/A |   N/A | 100.0 |  24.5
               +-------+-------+-------+-------+-------+----------------------
